 Dungeon Crawl Stone Soup version 0.29.1-4-g47bece8355 (webtiles) character file.

Game seed: 3573673103213854132

200 GorkyZ the Trooper (level 5, -1/33 HPs)
             Began as a Gargoyle Fighter on Dec 3, 2022.
             Slain by a worm (3 damage)
             ... on level 3 of the Dungeon.
             The game lasted 00:05:37 (2064 turns).

GorkyZ the Trooper (Gargoyle Fighter)               Turns: 2064, Time: 00:05:37

Health: -1/33      AC: 11    Str: 27    XL:     5   Next: 78%
Magic:  5/5        EV: 10    Int:  9    God:
Gold:   51         SH:  4    Dex:  9    Spells: 4/4 levels left

rFire   . . .      SeeInvis .   a - +0 flail
rCold   . . .      Faith    .   c - +0 buckler
rNeg    + . .      Spirit   .   b - +0 scale mail
rPois   ∞          Reflect  .   (no helmet)
rElec   +          Harm     .   (no cloak)
rCorr   .          Rampage  .   (no gloves)
Will    .....                   (no boots)
Stlth   ..........              (no amulet)
HPRegen 0.11/turn               n - +6 ring of strength
MPRegen 0.09/turn               (no ring)

@: on berserk cooldown, slowed, very slow
A: sickness immunity, AC +4, negative energy resistance 1, electricity
resistance, torment resistance 1, petrification resistance
a: no special abilities


You were on level 3 of the Dungeon.
You visited 1 branch of the dungeon, and saw 3 of its levels.

You collected 51 gold pieces.

Inventory:

Hand Weapons
 a - a +0 flail (weapon)
Armour
 b - a +0 scale mail (worn)
 c - a +0 buckler (worn)
Jewellery
 n - a +6 ring of strength (left hand)
Wands
 g - a wand of flame (8)
Potions
 d - a potion of might
 h - a potion of magic
 j - a potion of brilliance {unknown}
 k - 2 potions of heal wounds {unknown}


   Skills:
 + Level 4.0 Fighting
 + Level 2.7 Maces & Flails
 + Level 1.4 Throwing
 + Level 4.0 Armour
 + Level 1.3 Dodging
 + Level 4.0 Shields
 + Level 1.5 Evocations


You had 4 spell levels left.
You didn't know any spells.
Your spell library contained the following spells:

 Spells                   Type           Power      Damage    Failure   Level
 Slow                     Hex            0%         N/A       75%         1
 Confusing Touch          Hex            0%         N/A       98%         3
 Dazzling Flash           Conj/Hex       0%         N/A       98%         3
 Ozocubu's Armour         Ice            0%         N/A       98%         3
 Vampiric Draining        Necr           0%         2d6       98%         3
 Fulminant Prism          Conj/Hex       0%         3d6       100%        4
 Iskenderun's Mystic Bla  Conj/Tloc      0%         2d3       100%        4
 Agony                    Necr           0%         N/A       100%        5
 Lee's Rapid Deconstruct  Erth           0%         3d5*      100%        5
 Silence                  Hex/Air        0%         N/A       100%        5
 Ozocubu's Refrigeration  Ice            0%         4d7       100%        7


Dungeon Overview and Level Annotations

Branches:
Dungeon (3/15)

Altars:

Shops:
D:2 [

Annotations:
D:2 1 runed translucent door, Crazy Yiuf


Innate Abilities, Weirdness & Mutations

You are immune to sickness and miasma.
Your stone body is resilient. (AC +4)
You are immune to poison.
You resist negative energy. (rN+)
You are resistant to electric shocks. (rElec)
You are resistant to unholy torment.
You are immune to petrification.


Message History

You block the worm's attack.
Your Armour skill increases to level 4!
Your Shields skill increases to level 4!
You barely miss the orc. You block the orc's attack.
You closely miss the orc. The worm completely misses you.
The orc hits you but does no damage.
You sock the orc!
You kill the orc!
You sock the worm!
The worm is almost dead.
The worm barely misses you.
You bludgeon the worm!!
You kill the worm!
You start resting.
An orc is nearby!
An orc is nearby!
An orc is nearby!
An orc comes into view. It is wielding a +1 vorpal flail.
You feel a strong urge to attack something.
You are no longer berserk.
You are exhausted.
You feel yourself slow down.
Items here: $ ))))) [[[ ††.
Okay, then.
You start resting.
Your hearing returns.
You start resting.
A worm comes into view.
A worm is nearby!
You barely miss the worm. The worm bites you but does no damage.
You hit the worm but do no damage. The worm bites you but does no damage.
You thump the worm!
The worm is moderately wounded.
An orc comes into view. It is wielding a +0 club.
The worm bites you.
* * * LOW HITPOINT WARNING * * *
The worm bites you.
* * * LOW HITPOINT WARNING * * *
It was a potion of magic.
Magic courses through your body. The worm bites you.
You die...

############
#..........#
#..........#
#..........#
#...!......#
########!..........
##.....##...@w......
##.......#...........
#............###.###.
#<........#.o# .#
#.........##.####.#
#............)....#
#........#######......
##......###ooo# .....
#.......##.ooo.# #.#.


You could see a worm and 3 orcs.

Vanquished Creatures
  An orc priest (D:3)
  2 orc wizards (D:3)
  Natasha (thrice) (D:2)
  A worm (D:3)
  2 dart slugs (D:1)
  2 orcs (D:3)
  2 ball pythons
  5 endoplasms
  4 giant cockroaches
  4 goblins
  2 hobgoblins (D:2)
  2 quokkas
  2 bats (D:2)
  A frilled lizard (D:3)
  A kobold (D:1)
  6 rats
40 creatures vanquished.

Notes
Turn   | Place    | Note
-------+----------+-------------------------------------------
     0 | D:1      | GorkyZ the Gargoyle Fighter began the quest for the Orb.
     0 | D:1      | Reached XP level 1. HP: 14/14 MP: 1/1
   129 | D:1      | Reached XP level 2. HP: 19/19 MP: 2/2
   226 | D:1      | Found a faded altar of an unknown god.
  1159 | D:2      | Reached XP level 3. HP: 23/23 MP: 3/3
  1270 | D:2      | Noticed Natasha
  1277 | D:2      | Killed Natasha
  1292 | D:2      | Noticed Natasha
  1300 | D:2      | Killed Natasha
  1301 | D:2      | Reached skill level 1 in Throwing
  1301 | D:2      | Reached skill level 1 in Evocations
  1301 | D:2      | Reached XP level 4. HP: 27/29 MP: 4/4
  1348 | D:2      | Found Ucsypur's Antique Armour Emporium.
  1512 | D:2      | Found a runed translucent door.
  1513 | D:2      | Noticed Crazy Yiuf
  1608 | D:2      | Noticed Natasha
  1619 | D:2      | Killed Natasha
  1620 | D:2      | Reached skill level 1 in Dodging
  2031 | D:3      | Reached XP level 5. HP: 9/33 MP: 5/5
  2063 | D:3      | HP: 1/33 [worm (2)]
  2064 | D:3      | Slain by a worm

Illustrated notes

Levels and vault maps discovered:
D:1:      minmay_arrival_stair_chambers, layout_loops_ring,
          shapermc_ecumenical_altar_petra, minivault_11
D:2:      layout_rooms, serial_shops, nicolae_square_shop,
          grunt_decor_arrowhead, uniq_natasha, uniq_crazy_yiuf_cottage
D:3:      cheibrodos_pilgrimage, layout_rooms, nicolae_ru_awakened_eye,
          minmay_stone_trees_small, uniq_ijyb

Skill      XL: |  1  2  3  4  5 |
---------------+----------------+-----
Throwing       | 1 |  1.4
Evocations     | 1 |  1.5
Dodging        | 1 |  1.3
Fighting       | 4 |  4.0
Armour         | 4 |  4.0
Shields        | 4 |  4.0
Maces & Flails | |  2.7

Action                   |  1- 3 |  4- 6 || total
-------------------------+-------+-------++-------
Melee: Flail             |    67 |    59 ||   126
  Use: Scroll            |       |     7 ||     7
       Potion            |       |     4 ||     4
Armor: Scale mail        |    46 |    26 ||    72
Dodge: Dodged            |    30 |    32 ||    62
Block: Buckler           |    21 |     9 ||    30
